 Dungeon Crawl Stone Soup version 0.26.1-2-gb8aa6d0cf2 (webtiles) character file.

Game seed: 3037672503443604768

14556 promet the Covert (level 12, -2/87 HPs)
             Began as an Octopode Brigand on Feb 26, 2021.
             Was a High Priest of Dithmenos.
             Succumbed to barbed spike wounds
             ... on level 12 of the Dungeon on Feb 27, 2021.
             The game lasted 02:13:46 (19730 turns).

promet the Covert (Octopode Brigand)               Turns: 19730, Time: 02:13:47

Health: -2/87      AC:  4    Str: 10    XL:     12   Next: 17%
Magic:  12/12      EV: 18    Int: 18    God:    Dithmenos [*****.]
Gold:   368        SH:  0    Dex: 20    Spells: 11/11 levels left

rFire    . . .     SeeInvis +   A - +0 great sword
rCold    + + +     Faith    .   (shield currently unavailable)
rNeg     . . .     Spirit   .   N - +3 hat of the Kangaroo {*Slow rF- rC+++ Will+++}
rPois    .         Reflect  .   h - amulet of the acrobat
rElec    .         Harm     .   o - ring of see invisible
rCorr    .         Rampage  .   L - ring of flight
Will     +++..     Rnd*Tele +   O - ring of Itwaduw {*Tele Int+2} Stlth *+++++++++
                                (no ring)
HPRegen  0.24/turn              (no ring)
MPRegen  0.13/turn              (no ring)
                                (no ring)
                                (no ring)

@: barbed spikes, wreathed by umbra
A: almost no armour, stealthy swim, amphibious, 8 rings, constrict 8, camouflage
1, agile 1, clever 1, fire resistance 1, gelatinous body 1
a: Renounce Religion, Evoke Flight, Shadow Step, Shadow Form


You were on level 12 of the Dungeon.
You worshipped Dithmenos.
Dithmenos was extremely pleased with you.
You visited 2 branches of the dungeon, and saw 13 of its levels.

You collected 855 gold pieces.
You spent 487 gold pieces at shops.

Inventory:

Hand Weapons
 a - a +5 dagger of freezing
 b - a +0 hunting sling
 q - a +1 rapier of flaming
 r - a +2 dagger of venom
 y - a +1 whip of distortion
 A - a +0 great sword (weapon)
 D - a +2 long sword
 E - a +4 spear
 F - the +4 dagger of an ice cave {drain, rC+, Siph0n}
   (You found it on level 5 of the Dungeon)

   A truly terrible weapon, it drains the life of those it strikes.
   It protects you from cold.
 J - a +2 dagger of electrocution
 K - a +2 short sword of freezing
 M - the +9 whip "Wonkyuf" {flame, *Corrode +Blink Str-5 Stlth+}
   (You found it on level 9 of the Dungeon)

   It has been specially enchanted to burn those struck by it, causing extra
   injury to most foes and up to half again as much damage against particularly
   susceptible opponents.
   It affects your strength (-5).
   It lets you blink.
   It may corrode you when you take damage.
   It makes you more stealthy.
 P - a +2 shortbow of flaming
 R - a +2 glaive of flaming
Missiles
 c - 10 curare-tipped darts
 f - 197 arrows
 j - 4 javelins
 l - 326 stones
 m - 42 sling bullets
 p - 16 bolts
 u - 37 poisoned darts
 w - 3 atropa-tipped darts
 z - 2 boomerangs (quivered)
Armour
 H - a +1 hat of willpower
 N - the +3 hat of the Kangaroo (worn) {*Slow rF- rC+++ Will+++}
   (You found it on level 9 of the Dungeon)

   It makes you vulnerable to fire.
   It renders you almost immune to cold.
   It affects your willpower, your defense against some magical effects.
   It may slow you when you take damage.
Magical Staves
 k - an uncursed staff of air
 S - an uncursed staff of earth {unknown}
Jewellery
 h - an amulet of the acrobat (around mantle)
 o - a ring of see invisible (left tentacle)
 L - a ring of flight (right tentacle)
 O - the ring of Itwaduw (on tentacle) {*Tele Int+2}
   (You found it on level 9 of the Dungeon)

   [ring of teleportation]

   It may teleport you next to monsters.
   It affects your intelligence (+2).
Wands
 s - a wand of random effects (46)
 C - a wand of paralysis (24)
 I - a wand of flame (31)
 Q - a wand of acid (6)
 U - a wand of digging (5)
Scrolls
 d - 2 scrolls of fog
 g - 6 scrolls of remove curse
 i - 2 scrolls of identify
 v - a scroll of blinking
 G - a scroll of magic mapping
 V - a scroll of amnesia
 W - a scroll of silence
Potions
 e - 5 potions of curing
 n - 2 potions of berserk rage {unknown}
 t - 2 potions of lignification
 x - 4 potions of magic


   Skills:
 * Level 9.8 Fighting
 + Level 8.8(9.3) Short Blades
 + Level 4.7(7.3) Long Blades
 + Level 1.5 Polearms
 + Level 2.1(4.4) Slings
 + Level 1.0 Bows
 + Level 6.1(6.3) Throwing
 + Level 6.8 Dodging
 + Level 14.1 Stealth
 + Level 1.4 Shields
 + Level 1.1 Evocations


You had 11 spell levels left.
You didn't know any spells.
Your spell library contained the following spells:

 Spells                   Type           Power        Failure   Level
 Summon Lightning Spire   Summ/Air       0%           91%         4
 Malign Gateway           Summ/Tloc      0%           100%        7
 Dragon's Call            Summ           0%           100%        9


Dungeon Overview and Level Annotations

Branches:
Dungeon (12/15)            Temple (1/1) D:4            Lair (0/6) D:11
    Orc: D:9-12

Altars:
Ashenzari
Cheibriados
Dithmenos
Elyvilon
Fedhas
Gozag
Kikubaaqudgha
Makhleb
Okawaru
Qazlal
Ru
Sif Muna
Trog
Uskayaw
Vehumet
Wu Jian
Xom
Yredelemnul

Shops:
D:6 (!?   D:7 }**(   D:11 [


Innate Abilities, Weirdness & Mutations

You cannot wear most types of armour.
You are very stealthy in the water. (Stealth+)
You are amphibious.
You can wear up to eight rings at the same time.
You can use your tentacles to constrict eight enemies at once.
Your skin changes colour to match your surroundings (Stealth+).
Your rubbery body absorbs attacks. (AC +1, EV +1)
You are agile. (Dex +2)
Your mind is acute. (Int +2)
Your flesh is heat resistant. (rF+)


Message History

The manticore completely misses you. The manticore bites you!
* * * LOW HITPOINT WARNING * * *
The manticore misses you. The manticore completely misses you.
You feel better.
A vampire mosquito comes into view.
The manticore closely misses you. The manticore claws you.
* * * LOW HITPOINT WARNING * * *
The manticore claws you.
* * * LOW HITPOINT WARNING * * *
Blink to where?
Press: ? - help, Dir - move target
As you read the scroll of blinking, it crumbles to dust.
The manticore flicks its tail.
The volley of spikes hits you!
The barbed spikes become lodged in your body.
* * * LOW HITPOINT WARNING * * *
You can't go down here!
The barbs in your skin will harm you if you move.
Continue?
The barbed spikes dig painfully into your body as you move.
You die...

#########
........##########
#######.#(@(......
.......)H)########
#######.### #c# ##
...####c###....
#........!....
######.###.#...
.......)........
#######y........


You could see a manticore.

Vanquished Creatures
  A two-headed ogre (D:9)
  An unseen horror (D:11)
  An ugly thing (D:10)
  Joseph (D:7)
  Maggie (D:7)
  A kobold demonologist (D:8)
  A troll (D:9)
  A slime creature (D:8)
  A redback (D:9)
  3 wyverns
  A vampire (D:8)
  A wraith (D:11)
  2 basilisks (D:11)
  17 yaks
  A vampire mosquito (D:8)
  2 floating eyes (D:9)
  9 orc warriors
  3 water moccasins (D:11)
  5 sky beasts
  2 black bears
  3 phantoms (D:5)
  2 eyes of draining
  7 ogres
  2 necrophages
  2 ice beasts
  8 centaurs
  17 big kobolds
  11 bullfrogs
  A water moccasin zombie (D:10)
  2 scorpions
  4 killer bees (D:11)
  8 wights
  A howler monkey (D:9)
  A bullfrog zombie (D:8)
  A centaur zombie (D:5)
  A quasit (D:10)
  3 centaur skeletons
  3 jellies
  2 bullfrog skeletons
  5 orc priests
  A gnoll shaman (D:4)
  10 orc wizards
  Terence (D:3)
  5 iguanas
  7 worker ants
  A hound skeleton (D:7)
  A howler monkey zombie (D:9)
  6 gnolls
  13 adders
  2 shadow imps (D:8)
  3 white imps
  An ufetubus (D:5)
  3 worms
  2 dart slugs
  5 leopard geckos
  45 orcs
  5 bats
  5 giant cockroaches
  2 gnoll zombies (D:5)
  4 hobgoblins
  10 jackals
  5 quokkas
  A frilled lizard (D:1)
  2 goblins
  26 kobolds
  9 kobold skeletons (D:8)
  8 kobold zombies (D:8)
  A quokka skeleton (D:4)
  2 quokka zombies (D:8)
  5 rats
330 creatures vanquished.

Vanquished Creatures (others)
  2 bushes (D:11)
  A fungus (D:11)
  31 plants
34 creatures vanquished.

Grand Total: 364 creatures vanquished

Notes
Turn   | Place    | Note
-------+----------+-------------------------------------------
     0 | D:1      | promet the Octopode Brigand began the quest for the Orb.
     0 | D:1      | Reached XP level 1. HP: 14/14 MP: 1/1
   124 | D:1      | Reached XP level 2. HP: 20/20 MP: 2/2
  1086 | D:2      | Reached XP level 3. HP: 25/25 MP: 3/3
  1088 | D:2      | Reached skill level 6 in Stealth
  1105 | D:2      | You fall into a shaft and drop 2 floors!
  1290 | D:3      | Noticed Terence
  1298 | D:3      | Killed Terence
  1299 | D:3      | Reached XP level 4. HP: 30/30 MP: 4/4
  1838 | D:3      | Reached skill level 7 in Stealth
  2059 | D:3      | Reached XP level 5. HP: 20/36 MP: 5/5
  3123 | D:4      | Found a staircase to the Ecumenical Temple.
  3126 | D:4      | Noticed a big kobold
  3141 | D:4      | Killed a big kobold
  3142 | D:4      | Reached skill level 8 in Stealth
  3142 | D:4      | Reached XP level 6. HP: 20/42 MP: 6/6
  3335 | Temple   | Entered the Ecumenical Temple
  4204 | D:5      | Entered Level 5 of the Dungeon
  4508 | D:5      | Noticed a phantom
  4515 | D:5      | Killed a phantom
  4516 | D:5      | Reached skill level 9 in Stealth
  4516 | D:5      | Reached XP level 7. HP: 48/48 MP: 7/7
  5424 | D:5      | Got a bloodstained dagger
  5425 | D:5      | Identified the +4 dagger of an ice cave {drain, rC+} (You
                  | found it on level 5 of the Dungeon)
  5443 | D:5      | Identified the +2 ring mail "Vawarchenu" {+Fly rCorr}
  5524 | D:5      | Reached XP level 8. HP: 8/54 MP: 8/8
  6105 | D:5      | Reached skill level 10 in Stealth
  6168 | D:5      | Reached skill level 5 in Fighting
  6735 | D:5      | Found a basalt altar of Yredelemnul.
  6903 | D:6      | Gained mutation: You are agile. (Dex +2) [potion of
                  | mutation]
  6903 | D:6      | Gained mutation: Scrolls take you a little longer to read.
                  | [potion of mutation]
  6903 | D:6      | Gained mutation: You are partially covered in large bone
                  | plates. (SH +4) [potion of mutation]
  6907 | D:6      | Found Dueps's Distillery.
  6936 | D:6      | Bought a potion of heal wounds for 55 gold pieces
  6936 | D:6      | Bought a potion of curing for 33 gold pieces
  6936 | D:6      | Bought a potion of curing for 33 gold pieces
  7020 | D:6      | Found Zicwyusm's Weapon Shop.
  7112 | D:6      | Reached skill level 5 in Short Blades
  7112 | D:6      | Reached skill level 1 in Slings
  7156 | D:6      | Found Fatix's Magic Scroll Boutique.
  7166 | D:6      | Bought a scroll of blinking for 90 gold pieces
  7166 | D:6      | Bought a scroll of teleportation for 36 gold pieces
  7761 | D:7      | Found Ifraofuq's General Store.
  7829 | D:7      | Found Suyriwas's Assorted Antiques.
  7972 | D:7      | Reached XP level 9. HP: 62/62 MP: 9/9
  8060 | D:7      | Noticed Maggie
  8069 | D:7      | Paralysed by Maggie for 7 turns
  8075 | D:7      | Killed Maggie
  8142 | D:7      | Found a shadowy altar of Dithmenos.
  8143 | D:7      | Found a snail-covered altar of Cheibriados.
  8154 | D:7      | Became a worshipper of Dithmenos the Shadowed
  8203 | D:7      | Found Deehae's Antique Weapon Shoppe.
  8377 | D:7      | Noticed Joseph
  8393 | D:7      | Killed Joseph
  8394 | D:7      | Reached skill level 11 in Stealth
  8820 | D:6      | Bought a scroll of brand weapon for 240 gold pieces
  8872 | D:7      | Found a hide-covered altar of Uskayaw.
  8873 | D:7      | Found Fufenopn's Gadget Emporium.
  9598 | D:8      | Reached skill level 1 in Shields
  9775 | D:8      | Reached * piety under Dithmenos
  9962 | D:8      | Reached XP level 10. HP: 57/71 MP: 10/10
  9967 | D:8      | Reached skill level 5 in Dodging
 11072 | D:8      | Identified the Compendium of Companions
 11386 | D:8      | Reached skill level 12 in Stealth
 11568 | D:8      | Reached ** piety under Dithmenos
 11706 | D:8      | Noticed a kobold demonologist
 11728 | D:8      | Noticed a rust devil
 11730 | D:8      | Killed a kobold demonologist
 11883 | D:8      | Reached skill level 5 in Throwing
 11918 | D:8      | Found an ancient bone altar of Kikubaaqudgha.
 12281 | D:9      | Noticed a two-headed ogre
 12558 | D:2      | Lost mutation: You are partially covered in large bone
                  | plates. (SH +4) [potion of mutation]
 12558 | D:2      | Lost mutation: Scrolls take you a little longer to read.
                  | [potion of mutation]
 12558 | D:2      | Gained mutation: Your mind is acute. (Int +2) [potion of
                  | mutation]
 12558 | D:2      | Gained mutation: Your flesh is heat resistant. (rF+)
                  | [potion of mutation]
 12909 | D:9      | Killed a two-headed ogre
 12910 | D:9      | Reached skill level 13 in Stealth
 13187 | D:9      | Reached XP level 11. HP: 78/78 MP: 11/11
 13239 | D:9      | Reached *** piety under Dithmenos
 13269 | D:9      | Paralysed by a floating eye for 2 turns
 13523 | D:9      | Found a runed translucent door.
 13951 | D:9      | Got an ebony whip
 13953 | D:9      | Got a bloodstained hat
 13960 | D:9      | Identified the +9 whip "Wonkyuf" {flame, *Corrode +Blink
                  | Str-5 Stlth+} (You found it on level 9 of the Dungeon)
 13961 | D:9      | Identified the +3 hat of the Kangaroo {*Slow rF- rC+++
                  | Will+++} (You found it on level 9 of the Dungeon)
 14334 | D:9      | Noticed a boulder beetle
 14805 | D:9      | Got a pitted tin ring
 14831 | D:9      | Identified the ring of Itwaduw {*Tele Int+2} (You found it
                  | on level 9 of the Dungeon)
 14866 | D:10     | Entered Level 10 of the Dungeon
 15513 | D:10     | Reached skill level 1 in Long Blades
 16096 | D:9      | HP: 3/80 [boulder beetle (25)]
 16605 | D:10     | Reached **** piety under Dithmenos
 17284 | D:11     | Reached skill level 1 in Evocations
 17515 | D:11     | Reached skill level 1 in Polearms
 18111 | D:11     | Noticed an unseen horror
 18121 | D:11     | Killed an unseen horror
 18308 | D:11     | Noticed a red ugly thing
 18341 | D:10     | Killed a red ugly thing
 18342 | D:10     | Reached skill level 14 in Stealth
 18691 | D:11     | Reached XP level 12. HP: 86/86 MP: 12/12
 18813 | D:11     | Found a staircase to the Lair.
 19172 | D:11     | Reached skill level 1 in Bows
 19317 | D:11     | Found Ocsaiddu's Antique Armour Boutique.
 19575 | D:11     | Reached ***** piety under Dithmenos
 19728 | D:12     | HP: 4/87 [manticore/volley of spikes (17)]
 19730 | D:12     | Succumbed to barbed spike wounds

Illustrated notes

Levels and vault maps discovered:
D:1:      psy_arrival_whirlpool, layout_basic, serial_glass, glass_columns_b,
          glass_columns_a, minmay_misc_feat_nine_boxes
D:2:      layout_loops_ring, nicolae_overflow_hidden_temple,
          chequers_ecumenical_altar_simple
D:3:      minmay_razor_zed, layout_basic, serial_bayou_crossing, uniq_terence
D:4:      wad_pebble_path, layout_basic, minmay_temple_entry_mist
D:5:      layout_loops_cross, lemuel_zombie_altar_yredelemnul,
          minmay_diced_spiral
D:6:      layout_basic, serial_shops, shop_fountains, shop, nicolae_shop_stone,
          hex_intersection, chequers_serial_rivers_small_3
D:7:      layout_basic, lemuel_crystal_altar, gammafunk_temple_overflow_statue,
          serial_shops, shop, shop_coins, shop, shop, minmay_misc_feat_five,
          hex_tiny, uniq_joseph, uniq_maggie
D:8:      wander_kiku_kobolds, layout_basic, minmay_shattered_shrine
D:9:      gammafunk_indiana_jones, layout_basic, onia_ninara_cookie
D:10:     layout_gridville
D:11:     layout_loops_corners, minmay_lair_entry_grove, serial_shops,
          nicolae_shop_statue_plus, hex_large
D:12:     layout_loops_ring, erik_orc_2, minmay_misc_feat_room, uniq_gastronok,
          uniq_jorgrun
Temple:   dshaligram_water_room_temple

Skill      XL: |  1  2  3  4  5  6  7  8  9 10 11 12 |
---------------+-------------------------------------+-----
Stealth        | 6 7 8 9 10 11 13 14 | 14.1
Fighting       | 3 4 5 7 8 9 |  9.8
Short Blades   | 3 4 5 6 7 8 |  8.8
Dodging        | 2 3 4 6 |  6.8
Slings         | 1 2 |  2.1
Throwing       | 3 4 5 6 |  6.1
Shields        | 1 |  1.4
Long Blades    | 3 4 |  4.7
Evocations     | 1 |  1.1
Polearms       | 1 |  1.5
Bows           | 1 |  1.0

Action                   |  1- 3 |  4- 6 |  7- 9 | 10-12 || total
-------------------------+-------+-------+-------+-------++-------
Melee: Dagger            |    54 |   100 |   232 |   353 ||   739
       Tentacles         |     9 |    16 |    51 |   123 ||   199
       Constrict         |    11 |    17 |    40 |    80 ||   148
       Great sword       |       |       |       |    91 ||    91
       Rapier            |       |       |       |    39 ||    39
       Glaive            |       |       |       |    18 ||    18
       Whip              |       |       |       |     4 ||     4
 Fire: Hunting sling     |       |       |     7 |     9 ||    16
       Shortbow          |       |       |       |    22 ||    22
Throw: Dart              |       |       |    34 |    51 ||    85
       Boomerang         |       |       |     7 |     7 ||    14
       Javelin           |       |       |       |     5 ||     5
Evoke: Wand              |       |       |       |     2 ||     2
  Use: Scroll            |     4 |     3 |    12 |    18 ||    37
       Potion            |     4 |       |     5 |     4 ||    13
 Stab: Sleeping          |    14 |    19 |    12 |    37 ||    82
       Distracted        |       |       |     1 |     5 ||     6
       Invisible         |       |       |       |     1 ||     1
Armor: Skin              |     3 |     4 |     6 |    16 ||    29
Dodge: Dodged            |    29 |    46 |   144 |   319 ||   538
Block: Other             |       |       |     9 |    11 ||    20
       Rpst.: Great sword |       |       |       |    22 ||    22
